Match 45262259
Unlisted

Match 45262259
End
Panzergrenadier Squad
Selects Panzerjäger Kommand Battlegroup
Selects Panzerjäger Kommand Battlegroup
Selects Mine Fields
Panzergrenadier Squad
Panzergrenadier Squad
Construct Light Support Kompanie
Panzergrenadier Squad
Selects GrB 39 Grenade Launcher Requisition
Fire Support Elements
Pak 38 Mechanized Group
Construct Panzerarmee Kommand
Veteran Squad Leaders
Selects Defensive Positions
Selects Butterfly Bomb Drop
Walking Stuka Rocket Launcher
Butterfly Bomb Drop
Flak 36 Anti-tank Gun Team
Advanced Field Repairs
Vehicle Survival Package
Selects Crew Shock Tactics
Selects Anti-tank Overwatch
Tungsten Core Ammunition
Armored Reserves
Tiger Heavy Tank
Anti-tank Overwatch
mp1otr
_Nemez_
John Bigby
Dscrwnd
Quasi saur
FOX
0
0

Comments sign in to comment!

No comments posted yet!